 Dungeon Crawl Stone Soup version 0.25.0-26-g0c896c7088 (webtiles) character file.

Game seed: 4040758359662930195

18 mortelune the Chopper (level 2, -7/26 HPs)
             Began as a Demonspawn Chaos Knight on July 3, 2020.
             Was a Plaything of Xom.
             Killed from afar by an acid dragon (shapeshifter) (11 damage)
             ... with a splash of acid
             ... on level 1 of the Dungeon.
             The game lasted 00:00:47 (147 turns).

mortelune the Chopper (Demonspawn Chaos Knight)      Turns: 147, Time: 00:00:48

Health: -7/26      AC:  5    Str: 12    XL:     2   Next: 51%
Magic:  2/2        EV: 11    Int: 13    God:    Xom [..*...]
Gold:   14         SH:  0    Dex: 12    Spells: 1/1 levels left

rFire    . . .     SeeInvis .   a - +0 hand axe (chaos)
rCold    . . .     Gourm    .   (no shield)
rNeg     . . .     Faith    .   b - +2 leather armour
rPois    .         Spirit   .   (no helmet)
rElec    .         Reflect  .   (no cloak)
rCorr    .         Harm     .   (no gloves)
MR       .....                  (no boots)
Stlth    +.........             (no amulet)
HPRegen  0.08/turn              (no ring)
MPRegen  0.08/turn              (no ring)

@: mighty
A: rot immunity
a: Renounce Religion


You were on level 1 of the Dungeon.
You worshipped Xom.
You were a toy of Xom.
You were not hungry.

You visited 1 branch of the dungeon, and saw 1 of its levels.

You collected 14 gold pieces.

Inventory:

Hand Weapons
 a - a +0 hand axe of chaos (weapon)
Armour
 b - a +2 leather armour (worn)
Comestibles
 c - a ration
 d - a chunk of flesh


   Skills:
 + Level 4.7 Fighting
 * Level 5.5 Axes
 + Level 3.7 Armour
 - Level 0.8 Dodging


You had one spell level left.
You didn't know any spells.
Your spell library was empty.

Dungeon Overview and Level Annotations

Branches:
Dungeon (1/15)

Altars:


Innate Abilities, Weirdness & Mutations

You are immune to rotting.


Message History

You swap places.
Something bites your hobgoblin!
Your hobgoblin dies!
Found 13 stones. "Let's try an experiment, hmmm?"
Your leather armour briefly grows fur, then returns to normal.
Found 4 gold pieces.
The acid dragon spits acid at you. The splash of acid hits you.
You are splashed with acid!
Ouch! That really hurt!
* * * LOW HITPOINT WARNING * * *
"Go forth and cause havoc, mortal!"
You feel very mighty all of a sudden.
You aren't carrying any potions.
You aren't carrying any scrolls.
You aren't carrying any items that you can evoke.
The acid dragon spits acid at you. The splash of acid hits you!
You die...
Xom howls with laughter!

..# ..# ..#### ..†..##
..##..## #..##D.# ####
##.###.# ########$....
...†##.#####...........#
##.........D....@####.
....###.########......#
###.# #.# ######..#
.##.# #(. .##.# #...
.##a###.#. ........#.#
..##.####.# ..# ..#


You could see an acid dragon (catching breath).

Vanquished Creatures
  A giant cockroach (D:1)
  A hobgoblin (D:1)
  2 bats (D:1)
  2 rats (D:1)
6 creatures vanquished.

Vanquished Creatures (collateral kills)
  A hobgoblin (D:1)
1 creature vanquished.

Vanquished Creatures (others)
  A hobgoblin (D:1)
1 creature vanquished.

Grand Total: 8 creatures vanquished

Notes
Turn   | Place    | Note
-------+----------+-------------------------------------------
     0 | D:1      | mortelune the Demonspawn Chaos Knight began the quest for
                  | the Orb.
     0 | D:1      | Reached XP level 1. HP: 18/18 MP: 1/1
    78 | D:1      | Noticed a shapeshifter
    78 | D:1      | an ooze changed into a shapeshifter
    78 | D:1      | Noticed a rime drake
    78 | D:1      | a shapeshifter changed into a rime drake
    80 | D:1      | Noticed an orb spider
    80 | D:1      | a rime drake changed into an orb spider
    89 | D:1      | XOM: potion effect (experience)
    89 | D:1      | Reached skill level 5 in Axes
    89 | D:1      | Gained mutation: You are immune to rotting. [demonic
                  | ancestry]
    89 | D:1      | Reached XP level 2. HP: 23/26 MP: 2/2
   110 | D:1      | Noticed a soldier ant
   132 | D:1      | Noticed an acid dragon
   142 | D:1      | XOM: silly message
   145 | D:1      | XOM: potion effect (might)
   147 | D:1      | Killed from afar by an acid dragon (shapeshifter)

Illustrated notes

Levels and vault maps discovered:
D:1:      onia_arrival_mini_spirals, layout_rooms, chequers_decorated_corner

Skill      XL: |  1 |
---------------+----+-----
Fighting       | 4 |  4.7
Axes           | 5 |  5.5
Armour         | 3 |  3.7
Dodging        | |  0.8

Action                   || total
-------------------------++-------
Melee: Hand axe          ||    16
Armor: Leather armour    ||     6
Dodge: Dodged            ||    12
